 Dungeon Crawl Stone Soup version 0.30-a0-586-g23e55c9e0a (webtiles) character file.

Game seed: 238034263873784454

39256 demibob the Severer (level 13, -3/113 HPs)
             Began as a Minotaur Berserker on Jan 4, 2023.
             Was a High Priest of Trog.
             Slain by a white ugly thing (33 damage)
             ... on level 5 of the Lair of Beasts.
             The game lasted 00:17:08 (14955 turns).

demibob the Severer (Minotaur Berserker)           Turns: 14955, Time: 00:17:09

Health: -3/113     AC: 19    Str: 22    XL:     13   Next: 68%
Magic:  12/12      EV:  8    Int:  4    God:    Trog [*****.]
Gold:   935        SH:  0    Dex: 15    Spells: 12/12 levels left

rFire   . . .      SeeInvis .    a - +5 battleaxe (flame)
rCold   . . .      Faith    .    (shield currently unavailable)
rNeg    . . .      Spirit   .    y - +0 plate armour
rPois   +          Reflect  .    (helmet restricted)
rElec   .          Harm     .    (no cloak)
rCorr   .          Rampage  .    u - +0 pair of gloves
Will    .....                    (no boots) Stlth
                                 q - amulet of regeneration
HPRegen 1.18/turn                P - ring of poison resistance
MPRegen 0.13/turn                (no ring)

@: no status effects
A: horns 2, retaliatory headbutt
a: Renounce Religion, Berserk, Trog's Hand, Brothers in Arms


You were on level 5 of the Lair of Beasts.
You worshipped Trog.
Trog was extremely pleased with you.
You visited 2 branches of the dungeon, and saw 16 of its levels.
You also visited: Sewer.

You collected 935 gold pieces.


Innate Abilities, Weirdness & Mutations

You have a pair of horns on your head.
You reflexively headbutt those who attack you in melee.


   Skills:
 + Level 10.3 Fighting
 + Level 19.7 Axes
 + Level 17.9 Armour
 - Level 2.1 Dodging


You had 12 spell levels left.
You didn't know any spells.
Your spell library was empty.

Inventory:

Hand Weapons
 a - a +5 battleaxe of flaming (weapon)
 E - a +1 heavy hand axe
 F - a +5 antimagic executioner's axe
 G - a +4 antimagic battleaxe
Armour
 u - a +0 pair of gloves (worn)
 y - a +0 plate armour (worn)
Jewellery
 c - a ring of ice
 q - an amulet of regeneration (around neck)
 C - a ring of ice
 M - a ring of magical power
 N - a ring of positive energy
 P - a ring of poison resistance (left hand)
Wands
 t - a wand of flame (14)
 w - a wand of mindburst (17)
 x - a wand of polymorph (6)
Scrolls
 d - 9 scrolls of teleportation {@r2}
 j - 2 scrolls of fear
 k - 3 scrolls of poison
 p - 4 scrolls of fog
 s - 4 scrolls of identify {@r1}
 z - 6 scrolls of magic mapping
 A - a scroll of brand weapon
 B - a scroll of summoning
 D - a scroll of enchant armour
Potions
 b - 3 potions of resistance
 e - 2 potions of cancellation
 f - 3 potions of lignification
 g - 3 potions of haste {@q3}
 h - 2 potions of ambrosia
 i - a potion of invisibility
 l - 2 potions of flight
 m - 4 potions of magic
 n - 3 potions of berserk rage {!q}
 o - 5 potions of might
 r - 4 potions of curing {@q1}
 v - 2 potions of mutation {unknown}
 H - a potion of heal wounds {unknown}
 I - a potion of experience {unknown}

Dungeon Overview and Level Annotations

Branches:
Dungeon (11/15)            Temple (0/1) D:5            Lair (5/5) D:8
  Swamp (0/4) Lair:3        Snake (0/4) Lair:2        Slime (0/5) Lair:4
    Orc (0/2) D:11          Sewer (visited)

Altars:
Ashenzari
Dithmenos
Fedhas
Hepliaklqana
Makhleb
Okawaru
Qazlal
Sif Muna
Trog
Xom
Yredelemnul
Zin
The Shining One

Shops:
D:8

* .......~.~...~P#♣ ♣♣♣♣..♣♣ ♣..♣
................♣♣♣♣.♣.♣..♣♣♣..♣
................♣♣.....♣♣..♣†..♣♣
...............♣♣♣..♣.♣♣♣♣......♣
..............♣♣ ♣..♣♣♣ ♣...♣...♣
..............♣♣♣♣.♣♣ ♣♣.♣♣♣.♣♣
.............♣♣♣...♣♣ ♣...♣♣.♣♣
............♣♣♣♣....♣ ♣♣.♣♣♣..♣
............♣ ♣.@4♣.♣ ♣♣..♣ ♣♣.♣
............♣ ♣.u♣÷.♣ ♣..♣♣ ♣♣÷♣
.#..........# ♣....♣♣ ♣♣.♣♣♣♣.†♣
.#.........## ♣÷♣..♣ ♣..♣♣...♣
.##.......## ♣♣ ..♣ ♣..♣♣..♣♣
.##.....### ... ♣♣...†.♣
.###..##.# ♣... ♣♣....♣
......#### ♣♣.. ♣...♣♣ .....##
♣....♣


You could see a white ugly thing and a chaos spawn.


Message History

The white ugly thing is moderately wounded.
You barely miss the chaos spawn. The white ugly thing bites you.
The white ugly thing freezes you!!
* * * LOW HITPOINT WARNING * * *
The chaos spawn gores you but does no damage.
You are too injured to fight recklessly!
You are too injured to fight recklessly!
You are too injured to fight recklessly!
You are too injured to fight recklessly!
You are too injured to fight recklessly!
You are too injured to fight recklessly!
You are too injured to fight recklessly!
You are too injured to fight recklessly!
You are too injured to fight recklessly!
You are too injured to fight recklessly!
You are too injured to fight recklessly!
You are too injured to fight recklessly!
You are too injured to fight recklessly!
You are too injured to fight recklessly!
You are too injured to fight recklessly!
You are too injured to fight recklessly!
You are too injured to fight recklessly!
You slice the white ugly thing!! You burn the white ugly thing.
Your headbutt misses the white ugly thing.
The white ugly thing is almost dead.
You hit the chaos spawn. You burn the chaos spawn.
The white ugly thing bites you!
* * * LOW HITPOINT WARNING * * *
The white ugly thing freezes you!!
You die...

Skill      XL: |  1  2  3  4  5  6  7  8  9 10 11 12 13 |
---------------+----------------------------------------+-----
Axes           | 4 5 6 8 10 12 13 15 17 18 19 | 19.7
Armour         | 5 8 10 13 15 16 17 | 17.9
Fighting       | 8 10 | 10.3
Dodging        | |  2.1

Action                   |  1- 3 |  4- 6 |  7- 9 | 10-12 | 13-15 || total
-------------------------+-------+-------+-------+-------+-------++-------
Melee: Hand axe          |    98 |   194 |   337 |    82 |       ||   711
       Headbutt          |    10 |    22 |    61 |    68 |    28 ||   189
       Punch             |     1 |       |     6 |     1 |       ||     8
       Battleaxe         |       |       |       |   339 |   162 ||   501
Invok: Berserk           |     1 |     5 |     3 |     1 |     2 ||    12
       Brothers in Arms  |       |       |       |     1 |       ||     1
       Trog's Hand       |       |       |       |     1 |       ||     1
Evoke: Wand              |       |       |     4 |     4 |       ||     8
  Use: Scroll            |     7 |     6 |     6 |    11 |     1 ||    31
       Potion            |       |       |       |     1 |       ||     1
 Stab: Sleeping          |     3 |       |       |       |       ||     3
Armor: Animal skin       |    20 |    28 |       |       |       ||    48
       Ring mail         |       |     4 |    40 |       |       ||    44
       Plate armour      |       |       |   107 |   231 |   123 ||   461
Dodge: Dodged            |    73 |   136 |   134 |   157 |    63 ||   563

Levels and vault maps discovered:
D:1:      dpeg_arrival_boxes_within_box, layout_loops_corners,
          shapermc_ecumenical_altar_gd
D:2:      layout_rooms, kennysheep_cluttered_room
D:3:      layout_rooms, mainiacjoe_overflow_concentric_impassable,
          cheibrodos_sewer_entry_drain
D:4:      layout_cave_pools, kennysheep_little_box, zin_academy, uniq_pikel
D:5:      layout_loops_ring, general_overflow_altar,
          minmay_temple_entry_mini_moons
D:6:      black_bear_nest_1, layout_loops_ring,
          mainiacjoe_overflow_cross_hatched, led_sif_pool, nicolae_eternal_life,
          minmay_microvault
D:7:      layout_loops_ring, serial_demonic, serial_demonic_a, serial_demonic_d,
          serial_demonic_e, serial_demonic_c, lightli_minifort
D:8:      layout_cave_pools, lair_entry_dummy, nicolae_elemental_shop
D:9:      layout_stronghold, serial_park_tiny_pond, st_stairs_9
D:10:     layout_roguey, evilmike_ruin_ashenzari,
          minmay_overflow_temple_star_quad, xom_teletrap_fun,
          mainiacjoe_overflow_alcove_4
D:11:     layout_loops_ring, orc_0_dummy
Lair:1:   layout_gridlike, basic_altar, serial_bayou_pond_e, uniq_erica
Lair:2:   layout_cave_pods, dummy_snake_entry, hibernation_bobbens
Lair:3:   layout_regular_city, minmay_swamp_entry_swarm, minivault_24,
          grunt_forest_small_clearings, chequers_serial_rivers_room_b,
          serial_bayou_shore_a, serial_bayou_shore_b, uniq_urug
Lair:4:   layout_hall_layers, nicolae_slime_entry_slimehenge,
          nicolae_lair_run_with_the_wolves
Lair:5:   hellmonk_lair_end_abyssal_woods, layout_cave_pods, serial_forest,
          infiniplex_forest_lined_3, infiniplex_forest_straight_5,
          infiniplex_forest_clump_medium, infiniplex_forest_straight_4,
          infiniplex_forest_split, infiniplex_forest_clump_diagonal,
          evilmike_ambush [evilmike_ambush_outer_basic,
          evilmike_ambush_inner_basic], infiniplex_staircase_pool_2

Notes
Turn   | Place    | Note
-------+----------+-------------------------------------------
     0 | D:1      | demibob the Minotaur Berserker began the quest for the Orb.
     0 | D:1      | Reached XP level 1. HP: 19/19 MP: 0/0
   107 | D:1      | Reached skill level 4 in Axes
   136 | D:1      | Found a faded altar of an unknown god.
   175 | D:1      | Reached XP level 2. HP: 15/26 MP: 1/1
   575 | D:1      | Reached skill level 5 in Axes
   579 | D:1      | Reached ** piety under Trog
   584 | D:1      | Reached XP level 3. HP: 19/31 MP: 2/2
  1674 | D:3      | Reached XP level 4. HP: 37/39 MP: 3/3
  1676 | D:3      | Reached skill level 6 in Axes
  1875 | D:3      | Found a blossoming altar of Fedhas.
  1897 | D:3      | Found a glowing drain.
  1908 | Sewer    | Entered a sewer
  2043 | Sewer    | Reached *** piety under Trog
  2158 | Sewer    | Reached XP level 5. HP: 41/45 MP: 4/4
  2161 | Sewer    | Reached skill level 7 in Axes
  2540 | Sewer    | Reached skill level 8 in Axes
  2540 | Sewer    | Reached XP level 6. HP: 39/51 MP: 5/5
  3276 | D:4      | Found a glowing silver altar of Zin.
  3336 | D:4      | Reached **** piety under Trog
  3337 | D:4      | Reached skill level 9 in Axes
  3519 | D:4      | Identified the +0 leather armour "Wuad" {Harm Will+ Regen+
                  | Str+3}
  3768 | D:4      | Found a bloodstained altar of Trog.
  3808 | D:4      | Noticed Pikel
  3821 | D:4      | Killed Pikel
  3822 | D:4      | Reached skill level 10 in Axes
  3822 | D:4      | Reached skill level 5 in Armour
  3822 | D:4      | Reached XP level 7. HP: 57/57 MP: 6/6
  4059 | D:5      | Entered Level 5 of the Dungeon
  4068 | D:5      | Reached XP level 8. HP: 51/64 MP: 7/7
  4160 | D:5      | Found a shadowy altar of Dithmenos.
  4294 | D:5      | Found a staircase to the Ecumenical Temple.
  4305 | D:5      | Reached skill level 11 in Axes
  4305 | D:5      | Reached skill level 6 in Armour
  4815 | D:5      | Identified 2 potions of resistance
  4856 | D:6      | Found a hazy altar of Hepliaklqana.
  4930 | D:6      | Reached skill level 7 in Armour
  4974 | D:6      | Identified the +6 whip "Oxzaf" {elec, MP+9 Str+2}
  5254 | D:6      | Reached skill level 12 in Axes
  5368 | D:6      | Reached skill level 8 in Armour
  5368 | D:6      | Reached XP level 9. HP: 70/70 MP: 8/8
  5475 | D:6      | Reached ***** piety under Trog
  5747 | D:6      | Found a shimmering blue altar of Sif Muna.
  6006 | D:7      | Reached skill level 9 in Armour
  6233 | D:7      | Reached skill level 13 in Axes
  6394 | D:7      | Noticed a troll
  6405 | D:7      | Killed a troll
  6457 | D:7      | Reached skill level 10 in Armour
  7036 | D:8      | Reached XP level 10. HP: 57/77 MP: 9/9
  7038 | D:8      | Reached skill level 14 in Axes
  7087 | D:8      | Reached skill level 11 in Armour
  7107 | D:8      | Found a staircase to the Lair.
  7164 | D:8      | Found Qikatat's Elemental Accessories.
  7673 | D:9      | Received a gift from Trog
  7823 | D:9      | Reached skill level 12 in Armour
  7877 | D:9      | Reached skill level 15 in Axes
  8325 | Lair:1   | Entered Level 1 of the Lair of Beasts
  8335 | Lair:1   | Noticed an elephant
  8335 | Lair:1   | Noticed an elephant
  8335 | Lair:1   | Noticed an elephant
  8355 | Lair:1   | Killed an elephant
  8356 | Lair:1   | Killed an elephant
  8358 | Lair:1   | Noticed Erica
  8363 | Lair:1   | Killed an elephant
  8364 | Lair:1   | Reached skill level 13 in Armour
  8364 | Lair:1   | Noticed an elephant
  8369 | Lair:1   | Killed Erica
  8370 | Lair:1   | Reached XP level 11. HP: 68/82 MP: 10/10
  8373 | Lair:1   | Reached skill level 16 in Axes
  8481 | Lair:1   | Reached skill level 14 in Armour
  8546 | Lair:1   | Found an iron altar of Okawaru.
  8675 | Lair:1   | Reached skill level 17 in Axes
  9087 | Lair:1   | Reached skill level 15 in Armour
  9334 | Lair:2   | Noticed a catoblepas
  9366 | Lair:2   | Killed a catoblepas
  9466 | Lair:2   | Received a gift from Trog
  9528 | Lair:2   | Reached XP level 12. HP: 90/90 MP: 11/11
  9559 | Lair:2   | Found a staircase to the Snake Pit.
  9809 | Lair:2   | Reached skill level 4 in Fighting
  9946 | Lair:2   | Reached skill level 18 in Axes
 10460 | Lair:3   | Reached skill level 5 in Fighting
 10470 | Lair:3   | Noticed Urug
 10487 | Lair:3   | Killed Urug
 10488 | Lair:3   | Reached skill level 16 in Armour
 10750 | Lair:3   | Found a staircase to the Swamp.
 10760 | Lair:3   | Reached skill level 6 in Fighting
 11623 | Lair:4   | Reached skill level 7 in Fighting
 11779 | Lair:4   | Found a staircase to the Slime Pits.
 12161 | Lair:4   | Identified the +0 ring mail of Weightlessness {Will+}
 12534 | Lair:5   | Entered Level 5 of the Lair of Beasts
 12644 | D:10     | Entered Level 10 of the Dungeon
 12674 | D:10     | Found a burning altar of Makhleb.
 12680 | D:10     | Found a stormy altar of Qazlal.
 12684 | D:10     | Found a basalt altar of Yredelemnul.
 12939 | D:10     | Found a broken altar of Ashenzari.
 13057 | D:10     | Found a shimmering altar of Xom.
 13262 | D:10     | Found a glowing golden altar of the Shining One.
 13308 | D:11     | Reached skill level 8 in Fighting
 13308 | D:11     | Reached XP level 13. HP: 88/107 MP: 12/12
 13719 | D:11     | Reached skill level 17 in Armour
 13830 | D:11     | Found a staircase to the Orcish Mines.
 14180 | Lair:4   | Reached skill level 19 in Axes
 14281 | Lair:5   | Received a gift from Trog
 14457 | Lair:5   | Reached skill level 9 in Fighting
 14880 | Lair:5   | Reached skill level 10 in Fighting
 14955 | Lair:5   | Slain by a white ugly thing

Vanquished Creatures
  A catoblepas (Lair:2)
  Erica (Lair:1)
  A two-headed ogre (D:11)
  3 thrashing horrors (Lair:5)
  Urug (Lair:3)
  Pikel (D:4)
  A cyclops (D:11)
  A wolf spider (Lair:4)
  A large abomination (Lair:5)
  3 elephants (Lair:1)
  6 black mambas
  3 smoke demons (Lair:5)
  2 torpor snails
  8 cane toads
  2 rime drakes
  12 komodo dragons
  A kobold demonologist (D:9)
  An ancient zyme (Lair:5)
  4 burning bushes (Lair:5)
  2 trolls
  4 polar bears
  A hornet (D:8)
  11 blink frogs
  A ynoxinul (Lair:5)
  A wyvern (Lair:3)
  48 yaks
  A steam dragon (Lair:1)
  4 vampire mosquitoes (Lair:3)
  2 basilisks
  A chaos spawn (Lair:5)
  An acid dragon (D:10)
  A water moccasin (shapeshifter) (Lair:5)
  13 water moccasins
  5 orc warriors
  3 black bears
  2 ogres
  20 wolves
  4 centaurs
  A lemure (D:4)
  A phantom (D:7)
  6 kobold brigands
  7 bullfrogs
  2 necrophages
  A gnoll sergeant (D:6)
  5 small abominations (Lair:5)
  3 scorpions
  16 killer bees
  7 howler monkeys
  4 electric eels
  3 quasits (D:7)
  5 jellies
  3 hounds
  4 orc priests
  3 iguanas
  11 orc wizards
  10 gnolls
  11 adders
  6 river rats (Sewer)
  2 white imps (D:7)
  3 ufetubi
  5 worms
  37 orcs
  10 ball pythons
  10 endoplasms
  2 giant cockroaches
  4 goblins
  9 hobgoblins
  11 jackals
  5 quokkas
  6 bats
  3 frilled lizards
  33 kobolds
  28 rats
455 creatures vanquished.

Vanquished Creatures (collateral kills)
  5 elephants (Lair:1)
  A water moccasin (Lair:1)
6 creatures vanquished.

Vanquished Creatures (others)
  A demonic plant (D:1)
  18 fungi
  62 plants
  A withered plant (D:1)
82 creatures vanquished.

Grand Total: 543 creatures vanquished

Table legend: (Time is in decaauts)
 A = Elapsed time spent in this place.
 B = Non-inter-level travel time spent in this place.
 C = Inter-level travel time spent in this place.
 D = Time resting spent in this place.
 E = Time spent auto-exploring this place.
 F = Levels seen in this place.
 G = Mean time per level.
                   A        B        C        D        E       F      G
               +--------+--------+--------+--------+--------+-----+--------+
         Total |  14862 |  14128 |    734 |   1018 |  10783 |  17 |  874.2 |
       Dungeon |   8764 |   8311 |    453 |    427 |   6511 |  11 |  796.7 |
          Lair |   5108 |   4828 |    280 |    341 |   3729 |   5 | 1021.6 |
         Sewer |    989 |    989 |      0 |    249 |    543 |   1 |  989.0 |
               +--------+--------+--------+--------+--------+-----+--------+

Top non-repeatable levels by time:
  Lair:4: 1205 daAuts
  Lair:2: 1135 daAuts
     D:1: 1083 daAuts
  Lair:3: 1070 daAuts
     D:6: 1024 daAuts
  Lair:1: 1021 daAuts
     D:9: 990 daAuts
   Sewer: 989 daAuts
     D:7: 912 daAuts
     D:4: 810 daAuts
     D:5: 745 daAuts
    D:11: 715 daAuts
  Lair:5: 674 daAuts
    D:10: 673 daAuts
     D:3: 644 daAuts

Table legend:
 A = Non-vault XP
 B = Vault XP
 C = Vault XP percentage of total XP
 D = Non-vault monster count
 E = Vault monster count
 F = Vault count percentage of total count
                 A         B        C        D         E       F
            +---------+---------+-------+---------+---------+-------
      Total |   40335 |   15746 |  28.1 |     341 |     119 |  25.9
            +---------+---------+-------+---------+---------+-------
        D:1 |      50 |       0 |   0.0 |      31 |       0 |   0.0
        D:2 |      27 |       0 |   0.0 |      16 |       0 |   0.0
        D:3 |     140 |       2 |   1.4 |      22 |       2 |   8.3
        D:4 |     229 |     641 |  73.7 |      11 |       1 |   8.3
        D:5 |     760 |       0 |   0.0 |      20 |       0 |   0.0
        D:6 |     619 |     219 |  26.1 |      17 |       2 |  10.5
        D:7 |    1326 |     346 |  20.7 |      11 |      12 |  52.2
        D:8 |    1315 |       0 |   0.0 |      37 |       0 |   0.0
        D:9 |    2682 |     529 |  16.5 |      37 |       3 |   7.5
       D:10 |    2745 |       0 |   0.0 |      25 |       0 |   0.0
       D:11 |    2594 |       0 |   0.0 |       8 |       0 |   0.0
     Lair:1 |    9935 |     826 |   7.7 |      38 |       1 |   2.6
     Lair:2 |    6314 |       0 |   0.0 |      21 |       0 |   0.0
     Lair:3 |    3791 |    1497 |  28.3 |      16 |       5 |  23.8
     Lair:4 |    2422 |    2379 |  49.6 |      10 |      15 |  60.0
     Lair:5 |    5386 |    9024 |  62.6 |      21 |      27 |  56.2
      Sewer |       0 |     283 | 100.0 |       0 |      51 | 100.0
            +---------+---------+-------+---------+---------+-------
